 Dungeon Crawl Stone Soup version 0.28.0-43-g3370ac3207 (webtiles) character file.

Game seed: 1211279599526577903

763 joshe the Ogre Mage (level 7, -6/63 HPs)
             Began as an Ogre Transmuter on Mar 15, 2022.
             Mangled by Duvessa
             ... wielding a +0 short sword
              (20 damage)
             ... on level 5 of the Dungeon.
             The game lasted 00:58:22 (8167 turns).

joshe the Ogre Mage (Ogre Transmuter)               Turns: 8167, Time: 00:58:23

Health: -6/63      AC:  2    Str: 21    XL:     7   Next: 81%
Magic:  10/13      EV: 19    Int: 18    God:
Gold:   554        SH:  0    Dex: 14    Spells: 6/15 levels left

rFire   . . .      SeeInvis .     - Unarmed
rCold   . . .      Faith    .   (shield currently unavailable)
rNeg    . . .      Spirit   .   (armour currently unavailable)
rPois   x          Reflect  .   (helmet currently unavailable)
rElec   .          Harm     .   (cloak currently unavailable)
rCorr   .          Rampage  .   (gloves unavailable)
Will    .....                   (boots unavailable)
Stlth   +.........              (no amulet)
HPRegen 0.20/turn               f - +6 ring of strength
MPRegen 0.13/turn               (no ring)

@: lit by a corona, spider-form, silenced, glowing
A: venomous fangs, tiny, unfitting armour, (tough skin 1), clever 1, frail 1
a: End Transformation


You were on level 5 of the Dungeon.
You were a venomous arachnid creature.
You visited 2 branches of the dungeon, and saw 6 of its levels.

You collected 554 gold pieces.

Inventory:

Hand Weapons
 g - a +0 spear
 l - a +0 dagger
 m - a +0 hunting sling (melded)
Missiles
 c - 68 stones
 d - 4 boomerangs
 o - 4 poisoned darts
 r - 5 atropa-tipped darts (quivered)
Armour
 a - a +0 robe (melded)
Jewellery
 f - a +6 ring of strength (left front leg)
Wands
 u - a wand of flame (26)
 v - a wand of acid (5)
Scrolls
 b - a scroll of magic mapping
 e - a scroll of silence
 h - a scroll of immolation {unknown}
 i - 2 scrolls of teleportation {unknown}
 p - 3 scrolls of brand weapon {unknown}
 q - a scroll of enchant armour {unknown}
Potions
 k - 2 potions of resistance
 n - a potion of ambrosia {unknown}
 s - a potion of invisibility {unknown}
 t - a potion of berserk rage {unknown}


   Skills:
 - Level 4.0 Fighting
 - Level 1.0 Throwing
 - Level 2.0 Dodging
 - Level 2.0 Stealth
 - Level 3.1 Unarmed Combat
 + Level 4.5 Spellcasting
 - Level 4.0 Transmutations
 - Level 3.0 Ice Magic
 - Level 2.0 Poison Magic


You had 6 spell levels left.
You knew the following spells:

 Your Spells              Type           Power      Damage    Failure   Level
a - Beastly Appendage     Tmut           36%        N/A       10%         1
b - Spider Form           Tmut/Pois      14%        N/A       28%         3
c - Summon Small Mammal   Summ           16%        N/A       32%         1
d - Ice Form              Ice/Tmut       16%        N/A       54%         4

Your spell library contained the following spells:

 Spells                   Type           Power      Damage    Failure   Level
 Wereblood                Tmut           18%        N/A       13%         2
 Animate Skeleton         Necr           8%         N/A       32%         1
 Apportation              Tloc           8%         N/A       32%         1
 Slow                     Hex            16%        N/A       32%         1
 Scorch                   Fire           8%         2d5       43%         2
 Call Canine Familiar     Summ           4%         N/A       61%         3
 Confusing Touch          Hex            4%         N/A       61%         3
 Summon Guardian Golem    Hex/Summ       4%         N/A       61%         3
 Vampiric Draining        Necr           4%         2d6       61%         3
 Flame Wave               Conj/Fire      4%         2d5       92%         4
 Summon Forest            Summ/Tloc      2%         N/A       99%         5
 Summon Mana Viper        Hex/Summ       4%         N/A       99%         5
 Summon Cactus Giant      Summ           2%         N/A       100%        6


Dungeon Overview and Level Annotations

Branches:
Dungeon (5/15)             Temple (1/1) D:4

Altars:
Ashenzari
Cheibriados
Elyvilon
Fedhas
Kikubaaqudgha
Makhleb
Nemelex Xobeh
Okawaru
Qazlal
Ru
Sif Muna
Trog
Uskayaw
Vehumet
Xom
Yredelemnul
Zin

Annotations:
D:5 Duvessa


Innate Abilities, Weirdness & Mutations

You are a venomous arachnid creature.
You have poisonous fangs.
You are tiny and dextrous.
Your spellcasting is less reliable in this form.
Your armour is entirely melded.
You are incapable of wielding weapons or throwing items.
You are too large for most types of armour.
((You have tough skin. (AC +1)))
Your mind is acute. (Int +2)
You are frail. (-10% HP)


Message History

Your transformation is almost over.
You hit Dowan.
Dowan is moderately wounded.
Dowan hits you with a +0 dagger.
You barely miss Dowan.
Dowan is moderately wounded.
Dowan barely misses you.
You hit Dowan.
Dowan is poisoned.
Dowan is moderately wounded.
Dowan hits you with a +0 dagger.
You hit Dowan.
Dowan looks as sick as possible!
Dowan is heavily wounded.
Dowan casts a spell at you.
You are outlined in light.
You bite Dowan!
You kill Dowan!
Duvessa screams, "No!
How DARE you!"
Duvessa goes berserk!
Duvessa completely misses you.
Your transformation has ended.
Your +0 hunting sling unmelds from your body.
Your +0 robe unmelds from your body.
Duvessa barely misses you. Duvessa hits you with a +0 short sword.
Casting: Spider Form (dangerous; 12% risk of failure)
Confirm with . or Enter, or press ? or * to list all spells.
You turn into a venomous arachnid creature.
Your +0 hunting sling melds into your body.
Your +0 robe melds into your body.
Duvessa hits you with a +0 short sword! x2
Unknown command.
Okay, then.
Duvessa rages.
There is a stone staircase leading up, spattered with blood here.
As you read the scroll labelled BYNAC BYUTUE, it crumbles to dust.
A profound silence engulfs you.
It was a scroll of silence.
Duvessa hits you with a +0 short sword!
* * * LOW HITPOINT WARNING * * *
Duvessa closely misses you.
You barely miss Duvessa.
Duvessa hits you with a +0 short sword!!
You die...

..
....ยง..((#
.
.....###)#
... #.# .
#.# #.# #.#
#.#
####.####
#.....es#
#########


You could see Duvessa (berserk).

Vanquished Creatures
  Edmund (D:4)
  A black bear (D:4)
  A scorpion (D:4)
  Dowan (D:5)
  A wight (D:4)
  A howler monkey (D:4)
  A hound (D:5)
  2 orc priests (D:4)
  Ijyb (D:5)
  An iguana (D:3)
  2 hound skeletons
  9 adders
  An ufetubus (D:4)
  An adder skeleton (D:4)
  2 worms
  2 dart slugs
  7 orcs (D:4)
  6 ball pythons
  8 endoplasms
  3 giant cockroaches
  4 goblins (D:2)
  12 hobgoblins
  8 jackals
  8 kobolds
  4 quokkas
  5 bats
  3 frilled lizards
  A jackal skeleton (D:4)
  6 rats
103 creatures vanquished.

Vanquished Creatures (others)
  A fungus (D:1)
  10 toadstools (D:5)
11 creatures vanquished.

Grand Total: 114 creatures vanquished

Notes
Turn   | Place    | Note
-------+----------+-------------------------------------------
     0 | D:1      | joshe the Ogre Transmuter began the quest for the Orb.
     0 | D:1      | Reached XP level 1. HP: 19/19 MP: 3/3
    69 | D:1      | Reached XP level 2. HP: 25/27 MP: 3/5
   495 | D:1      | Reached skill level 1 in Stealth
   625 | D:1      | Found a faded altar of an unknown god.
   967 | D:2      | Found an iron altar of Okawaru.
  1007 | D:2      | Reached XP level 3. HP: 29/33 MP: 4/6
  1967 | D:2      | Reached XP level 4. HP: 29/41 MP: 5/8
  2059 | D:2      | Learned a level 3 spell: Spider Form
  2061 | D:2      | Learned a level 1 spell: Summon Small Mammal
  3103 | D:3      | Found an ancient bone altar of Kikubaaqudgha.
  3487 | D:3      | Reached XP level 5. HP: 50/53 MP: 7/9
  3488 | D:3      | Reached skill level 1 in Poison Magic
  4376 | D:4      | Noticed Edmund
  4727 | D:4      | Found a staircase to the Ecumenical Temple.
  4736 | D:4      | Gained mutation: Your mind is acute. (Int +2) [potion of
                  | mutation]
  4736 | D:4      | Gained mutation: You are frail. (-10% HP) [potion of
                  | mutation]
  4739 | D:4      | Reached skill level 1 in Throwing
  4750 | Temple   | Entered the Ecumenical Temple
  5109 | D:4      | Found a snail-covered altar of Cheibriados.
  5293 | D:4      | Reached XP level 6. HP: 54/54 MP: 6/12
  5674 | D:4      | Learned a level 4 spell: Ice Form
  6258 | D:5      | Entered Level 5 of the Dungeon
  6268 | D:5      | Noticed a black bear
  6269 | D:5      | Noticed Dowan
  6303 | D:4      | Killed a black bear
  6608 | D:4      | Killed Edmund
  6609 | D:4      | Reached XP level 7. HP: 49/60 MP: 7/13
  6695 | D:4      | Found a snail-covered altar of Cheibriados.
  6862 | D:4      | Found a staircase to the Ecumenical Temple.
  7197 | D:5      | Noticed Duvessa
  7438 | D:5      | Noticed Ijyb
  7450 | D:5      | Killed Ijyb
  8156 | D:5      | Killed Dowan
  8167 | D:5      | Mangled by Duvessa

Illustrated notes

Levels and vault maps discovered:
D:1:      minmay_arrival_up_and_down, layout_rooms,
          shapermc_ecumenical_altar_mp_urbaneastern, minmay_split_cup_small
D:2:      layout_loops_corners, minmay_hexomino_r4
D:3:      layout_loops_ring, kiku_gazebo_pond_becter
D:4:      minmay_polygon_palace, layout_basic, lemuel_round_altar,
          minmay_temple_entry_proselytizer, amcnicky_mini_rare_corridor_liquid,
          hangedman_decor_growths, uniq_edmund
D:5:      cheibrodos_fertilizer, layout_basic, minitemple,
          hangedman_abyss_or_decor_passed, uniq_duvessa, uniq_eustachio,
          uniq_ijyb
Temple:   regret_index_temple_generic_petals

Skill      XL: |  1  2  3  4  5  6  7 |
---------------+----------------------+-----
Unarmed Combat | 3 |  3.1
Stealth        | 1 2 |  2.0
Transmutations | 2 4 |  4.0
Dodging        | 2 |  2.0
Spellcasting   | 3 4 |  4.5
Fighting       | 3 4 |  4.0
Poison Magic   | 2 |  2.0
Throwing       | 1 |  1.0
Ice Magic      | 2 3 |  3.0

Action                   |  1- 3 |  4- 6 |  7- 9 || total
-------------------------+-------+-------+-------++-------
Melee: Unarmed           |   112 |   121 |    26 ||   259
       Kick              |    30 |    11 |       ||    41
       Headbutt          |    15 |     5 |       ||    20
       Spear             |    11 |       |    26 ||    37
       Punch             |       |     1 |       ||     1
       Hunting sling     |       |       |     1 ||     1
 Fire: Hunting sling     |       |    55 |    14 ||    69
Throw: Dart              |       |     7 |     3 ||    10
 Cast: Beastly Appendage |    24 |    16 |       ||    40
       Summon Small Mamm |       |     6 |     2 ||     8
       Spider Form       |       |    19 |     7 ||    26
  Use: Potion            |     1 |     4 |     1 ||     6
       Scroll            |       |     3 |     1 ||     4
Armor: Robe              |    38 |    10 |       ||    48
       Skin              |    11 |     5 |    28 ||    44
Dodge: Dodged            |    55 |    77 |    31 ||   163
